[Event "Tournoi fermé pour norme de MI de Créon 2025"]
[Site "CREON, France"]
[Date "2025.07.28"]
[Round "1.2"]
[White "Mohammad Nubairshah"]
[Black "Malka, Samuel"]
[Result "1/2-1/2"]
[TimeControl "1h30/40 - 30' + [30'']"]
[WhiteElo "2378"]
[BlackElo "2268"]

1. c4 e6 2. Nf3 d5 3. g3 Nf6 4. Bg2 d4 5. O-O Nc6 6. d3 Bc5 7. e4 e5 8. Nh4 O-O 9. Na3 Bg4 10.
f3 Bd7 11. Nc2 a5 12. Rb1 Nb4 13. a3 Nxc2 14. Qxc2 a4 15. Bd2 Ra6 16. Rbe1 g6 17. Kh1 Re8 18. Bg5 Be7 19. Qe2 Nh5 20.
Bxe7 Qxe7 21. Rf2 Rb6 22. Bf1 Qg5 23. Ng2 f5 24. c5 Rf6 25. Qd2 Qxd2 26. Rxd2 f4 27. gxf4 Nxf4 28. Nxf4 Rxf4 29.
Be2 Bb5 30. Rb1 Ra8 31. Kg2 Kf7 32. b3 axb3 33. Rxb3 c6 34. Ra2 g5 35. a4 Kg6 36. Rba3 Ba6 37. h3 Rff8 1/2-1/2

[Event "Tournoi fermé pour norme de MI de Créon 2025"]
[Site "CREON, France"]
[Date "2025.07.28"]
[Round "1.4"]
[White "Jerez Perez, Alfonso"]
[Black "Le Hetet, Nicolas"]
[Result "1/2-1/2"]
[TimeControl "1h30/40 - 30' + [30'']"]
[WhiteElo "2328"]
[BlackElo "2288"]

1. e4 c5 2. c3 d5 3. exd5 Qxd5 4. d4 Nf6 5. Nf3 Nc6 6. dxc5 Qxd1+ 7. Kxd1 Bf5 8. Be3 Nd5 9. Bb5 O-O-O 10. Kc1 e5 11. Bxc6 bxc6 12. b4 f6 13. Kb2 g5 14. Rd1 Kc7 15. Nbd2 Rb8 16. Nb3 h5 17. Nfd2 Be7 18. a3 Be6 19.
c4 Nxe3 20. fxe3 f5 21. Kc3 Bf6 22. e4 f4 23. a4 h4 24. h3 g4 25. hxg4 h3 26. g5 Bxg5 27. Nf3 Be7 28. gxh3 Rxh3 29.
Rd3 Rd8 30. Rf1 Bg4 31. Rxd8 Kxd8 32. Nbd2 a5 33. Kc2 Bxf3 34. Rxf3 Rh2 35. Rd3+ Kc7 36. Kb3 Re2 37. Kc3 axb4+ 38. Kxb4 Bh4 39. Nf3 Be1+ 40. Kb3 Rxe4 41. Ng5 Re3 42. Kc2 Rxd3 43. Kxd3 Bh4 44. Nf3 Bf6 45. Ke4 Kb7 46. Nd2 Ka6 47.
Nb3 Bg5 48. Kf3 Bh4 49. Ke4 Be1 50. Kf3 Bb4 51. Ke4 Ka7 52. Kf3 Kb7 53. Ke4 Kc7 54. Nc1 Bxc5 55. Nd3 Bd4 56. Nxf4 exf4 57.
Kxd4 Kb6 58. Ke4 Ka5 59. Kxf4 Kxa4 60. Ke4 Kb4 61. Kd4 Kb3 62. Kc5 Kc3 63. Kxc6 Kxc4 1/2-1/2

[Event "Tournoi fermé pour norme de MI de Créon 2025"]
[Site "CREON, France"]
[Date "2025.07.28"]
[Round "1.5"]
[White "Kocharin, Timur"]
[Black "Villegas, Pierre"]
[Result "1/2-1/2"]
[TimeControl "1h30/40 - 30' + [30'']"]
[WhiteElo "2302"]
[BlackElo "2291"]

1. d4 g6 2. e4 Bg7 3. Nc3 d6 4. Be3 a6 5. g4 b5 6. Bg2 Bb7 7. h4 h5 8. gxh5 Rxh5 9. Bg5 c5 10.
dxc5 dxc5 11. Qxd8+ Kxd8 12. O-O-O+ Kc7 13. Nd5+ Bxd5 14. exd5 Kd6 15. Bf3 Rh8 16. Bf4+ Be5 17. Bxe5+ Kxe5 18.
d6 Ra7 19. Rd5+ Kf6 20. dxe7 Nxe7 21. Rxc5 Nd7 22. Rc3 Ne5 23. Bd1 Nd5 24. Rg3 Rc7 25. h5 gxh5 26. Rxh5 1/2-1/2

[Event "Tournoi fermé pour norme de MI de Créon 2025"]
[Site "CREON, France"]
[Date "2025.07.28"]
[Round "1.3"]
[White "Lacan-Rus, David"]
[Black "Llari, Marc"]
[Result "1/2-1/2"]
[TimeControl "1h30/40 - 30' + [30'']"]
[WhiteElo "2369"]
[BlackElo "2341"]

1. e4 c5 2. Nc3 Nc6 3. Bb5 Nd4 4. Nf3 e6 5. O-O a6 6. Bd3 Nc6 7. b3 d6 8. Bb2 Nf6 9. Re1 g6 10.
e5 dxe5 11. Nxe5 Nxe5 12. Rxe5 Bg7 13. Re1 O-O 14. Qf3 Nd7 15. Na4 Bxb2 16. Nxb2 Qf6 17. Qxf6 Nxf6 18. a4 b6 19. Nc4 Nd5 20.
Be4 Rb8 21. a5 b5 22. Ne5 Nf6 23. Nd3 Nd7 24. Bc6 c4 25. Bxd7 cxd3 26. Bxc8 Rbxc8 27. c3 Rfd8 28. Re4 Rc5 29.
f4 g5 30. Kf2 gxf4 31. Rxf4 h5 32. Re1 b4 33. Rxb4 Rxa5 34. Ree4 Rg5 35. Rbd4 Rb8 36. b4 a5 37. bxa5 Rxa5 38.
Rxd3 Kg7 39. Rd7 Kg6 40. Re3 Rf5+ 41. Ke2 Rb1 42. Rf3 Rxf3 43. Kxf3 Rf1+ 44. Ke3 Re1+ 45. Kf2 Rc1 46. Rd3 e5 47.
Rg3+ Kf5 48. Rf3+ Kg6 49. Ke2 f5 50. Rg3+ Kf6 51. Rg8 h4 52. g3 Rh1 1/2-1/2

[Event "Tournoi fermé pour norme de MI de Créon 2025"]
[Site "CREON, France"]
[Date "2025.07.28"]
[Round "1.1"]
[White "Lamaze, Simon"]
[Black "Pichon, Ewen"]
[Result "0-1"]
[TimeControl "1h30/40 - 30' + [30'']"]
[WhiteElo "2458"]
[BlackElo "2311"]

1. e4 e6 2. d4 d5 3. Nd2 c5 4. exd5 exd5 5. Ngf3 Nc6 6. Bb5 Qe7+ 7. Qe2 Qxe2+ 8. Kxe2 Bd7 9. Re1 O-O-O 10. dxc5 Bxc5 11. Nb3 Bb6 12. Kf1 Nf6 13. Bg5 h6 14. Bxf6 gxf6 15. c3 Kc7 16. h3 a6 17. Bd3 Rhe8 18.
Red1 Ne5 19. Nbd4 Nxd3 20. Rxd3 Re4 21. Rad1 Rde8 22. R3d2 a5 23. Kg1 Kb8 24. Nc2 Re2 25. Nfd4 R2e5 26.
Ne3 f5 27. Nf3 Rxe3 28. fxe3 Bxe3+ 29. Kh1 Bxd2 30. Rxd2 a4 31. a3 f4 32. Kg1 Bc6 33. Kf2 Kc7 34. Rd4 Bb5 35. Ng1 f3 36.
g3 Kc6 37. Rf4 Re7 38. Rf6+ Kc5 39. Rxh6 Bd3 40. Rh4 Re4 41. Rh6 b5 42. Nxf3 Re2+ 43. Kg1 Rxb2 44. Ne5 Bg6 45. h4 d4 46.
h5 Be4 47. cxd4+ Kxd4 48. Nc6+ Ke3 49. g4 Rg2+ 50. Kf1 Rc2 0-1

[ePGN "0.1;DGT LiveChess/2.2.7"]

[Event "Tournoi fermé pour norme de MI de Créon 2025"]
[Site "CREON, France"]
[Date "2025.07.29"]
[Round "2.1"]
[White "Mohammad Nubairshah"]
[Black "Jerez Perez, Alfonso"]
[Result "1-0"]
[TimeControl "1h30/40 - 30' + [30'']"]
[WhiteElo "2378"]
[BlackElo "2328"]

1. c4 e5 2. Nc3 Nc6 3. Nf3 Nf6 4. a3 a5 5. e3 Be7 6. Be2 O-O 7. O-O Re8 8. Qc2 Bf8 9. d4 d6 10.
dxe5 Nxe5 11. Nxe5 dxe5 12. Rd1 Qe7 13. e4 c6 14. Na4 Nd7 15. Be3 g6 16. Rd2 Bg7 17. Rad1 Nf8 18. Nb6 Ra6 19.
c5 Ra7 20. Bc4 Bf6 21. Rd6 Bg5 22. Nxc8 Rxc8 23. Bxg5 Qxg5 24. Qb3 Qe7 25. R1d3 a4 26. Qb6 Raa8 27. Rf3 Ne6 28. Rxf7 Kxf7 29.
Rxe6 Qxe6 30. Qxb7+ Kf6 31. Bxe6 Kxe6 32. Qxh7 Kf6 33. Qd7 1-0

[Event "Tournoi fermé pour norme de MI de Créon 2025"]
[Site "CREON, France"]
[Date "2025.07.29"]
[Round "2.5"]
[White "Malka, Samuel"]
[Black "Villegas, Pierre"]
[Result "0-1"]
[TimeControl "1h30/40 - 30' + [30'']"]
[WhiteElo "2268"]
[BlackElo "2291"]

1. e4 c6 2. d4 d5 3. e5 Bf5 4. h4 h5 5. Bd3 Qd7 6. Nf3 Bg4 7. Nbd2 e6 8. Nb3 Qc7 9. Be2 Nd7 10.
Ng5 Nh6 11. f3 Bf5 12. g4 Bg6 13. Be3 O-O-O 14. Nh3 hxg4 15. fxg4 Be4 16. Bf3 Nxe5 17. dxe5 Qxe5 18. Kf2 f5 19.
gxf5 Be7 20. Bf4 Bxh4+ 21. Kg2 Qxf5 22. Bxe4 dxe4 23. Qe2 e5 24. Bxh6 Rxh6 25. Rh2 Bg3 26. Rf1 Qg6 27. Rg1 Bxh2+ 28. Kxh2 Rxh3+ 0-1

[Event "Tournoi fermé pour norme de MI de Créon 2025"]
[Site "CREON, France"]
[Date "2025.07.29"]
[Round "2.2"]
[White "Llari, Marc"]
[Black "Kocharin, Timur"]
[Result "0-1"]
[TimeControl "1h30/40 - 30' + [30'']"]
[WhiteElo "2341"]
[BlackElo "2302"]

1. e4 c5 2. Nf3 e6 3. d4 cxd4 4. Nxd4 Nf6 5. Nc3 Nc6 6. a3 Be7 7. Nxc6 bxc6 8. e5 Nd5 9. Qg4 g6 10.
h4 Nxc3 11. bxc3 Qa5 12. Qg3 h5 13. Bd2 Ba6 14. c4 Qc7 15. Bd3 c5 16. Rd1 Bb7 17. Bg5 Bxg5 18. Qxg5 Qd8 19. Qf4 Qa5+ 20.
Kf1 Qxa3 21. Rh3 Qa5 22. Rg3 Rg8 23. Qh6 Qc7 24. Bxg6 fxg6 25. Qg5 Qd8 26. Qe3 Qxh4 27. Qxc5 Rc8 28.
Qxa7 Qxc4+ 29. Kg1 Qxc2 30. Rgd3 Bd5 31. Qe3 Rc3 32. Rxc3 Qxd1+ 33. Kh2 Qg4 34. f3 Qh4+ 35. Kg1 Kf7 36.
Rc7 Bc6 37. Rxc6 dxc6 38. Qa7+ Qe7 0-1

[Event "Tournoi fermé pour norme de MI de Créon 2025"]
[Site "CREON, France"]
[Date "2025.07.29"]
[Round "2.4"]
[White "Le Hetet, Nicolas"]
[Black "Lamaze, Simon"]
[Result "0-1"]
[TimeControl "1h30/40 - 30' + [30'']"]
[WhiteElo "2288"]
[BlackElo "2458"]

1. e4 c5 2. Nc3 Nc6 3. Bb5 Nd4 4. Nf3 a6 5. Bd3 e6 6. O-O Nc6 7. Nd5 d6 8. Ne3 Nf6 9. c3 b6 10.
Bc2 Bb7 11. a3 Ne7 12. d3 g6 13. Re1 Bg7 14. Nf1 e5 15. d4 Qc7 16. d5 c4 17. h3 Nd7 18. Ne3 b5 19. a4 O-O 20.
Ng4 Kh8 21. axb5 axb5 22. Rxa8 Bxa8 23. Bh6 Ng8 24. Bxg7+ Kxg7 25. Qd2 Bb7 26. Ra1 Nc5 27. Ne3 Ra8 28. Rxa8 Bxa8 29. g4 Bb7 30.
g5 Bc8 31. Kg2 f6 32. Nf1 Qd7 33. Ng1 Qe7 34. h4 h6 35. gxh6+ Nxh6 36. Ng3 Qd7 37. h5 g5 38. f3 Qa7 39.
Qc1 Kh7 40. Nf1 Bd7 41. Ne2 Bc8 42. Ne3 g4 43. Ng3 gxf3+ 44. Kxf3 Qg7 45. Ng2 Qg4+ 46. Kf2 Nf7 47. Qe3 Ng5 48.
Kg1 Kg7 49. Kf2 Bd7 50. Kg1 Kh7 51. Kf2 Qh3 52. Kg1 Bg4 53. Nf5 Bxf5 54. exf5 Qxh5 55. Qg3 Nce4 56. Qe3 Nf3+ 0-1

[Event "Tournoi fermé pour norme de MI de Créon 2025"]
[Site "CREON, France"]
[Date "2025.07.29"]
[Round "2.3"]
[White "Pichon, Ewen"]
[Black "Lacan-Rus, David"]
[Result "1-0"]
[TimeControl "1h30/40 - 30' + [30'']"]
[WhiteElo "2311"]
[BlackElo "2369"]

1. d4 Nf6 2. c4 g6 3. Nc3 d5 4.
cxd5 Nxd5 5. e4 Nxc3 6. bxc3 Bg7 7. Nf3 c5 8. Rb1 O-O 9. h3 Nc6 10. d5 Bxc3+ 11. Bd2 Bxd2+ 12. Qxd2 Na5 13.
h4 f6 14. h5 g5 15. h6 e5 16. Be2 b6 17. Nh2 Nb7 18. Rb3 Nd6 19. Re3 Qe8 20. Nf1 Qa4 21. Ng3 Kf7 22. O-O Ke7 23.
Qc1 Qe8 24. Bh5 Qd8 25. Rd1 Bd7 26. Be2 Rg8 27. Nf5+ Bxf5 28. exf5 Nxf5 29. d6+ Kf8 30. Qb1 Nxe3 31. Qxh7 Qe8 32. Bh5 Qe6 33. fxe3 Rd8 34. Qc7 Qd7 35.
Rd2 Rh8 36. Bg4 Qxc7 37. dxc7 Ra8 38.
c8=Q+ Rxc8 39. Bxc8 Rxh6 40. Bf5 Rh4 41. Rd8+ Ke7 42. Rd7+ Kf8 43. Rxa7 Rb4 44. Kf2 Rb2+ 45. Kf3 c4 46.
a4 1-0

[ePGN "0.1;DGT LiveChess/2.2.7"]

[Event "Tournoi fermé pour norme de MI de Créon 2025"]
[Site "CREON, France"]
[Date "2025.07.29"]
[Round "3.4"]
[White "Kocharin, Timur"]
[Black "Pichon, Ewen"]
[Result "1-0"]
[TimeControl "1h30/40 - 30' + [30'']"]
[WhiteElo "2302"]
[BlackElo "2311"]

1. e4 e5 2. Nf3 Nc6 3. Bb5 a6 4. Ba4 Nf6 5. O-O d6 6. Bxc6+ bxc6 7. d4 exd4 8. Nxd4 Bd7 9. Qf3 Be7 10.
e5 dxe5 11. Nxc6 Bxc6 12. Qxc6+ Kf8 13. Nc3 h6 14. Be3 Bd6 15. Rad1 Qe8 16. Qc4 Kg8 17. Nd5 Nxd5 18. Qxd5 Rb8 19.
c4 Rxb2 20. c5 Bf8 21. Rfe1 c6 22. Qc4 Qe6 23. Qxe6 fxe6 24. Rd8 Kf7 25. Rc8 Rxa2 26. Rb1 Rg8 27. g3 Be7 28. Rxc6 a5 29.
Rb7 a4 30. Ra6 a3 31. Rba7 Rc8 32. Rxa3 Rxa3 33. Rxa3 Rc7 34. Rc3 Rc6 35. Kg2 e4 36. Rc4 e5 37. Rxe4 Bf6 38. Rb4 Be7 39.
Rb7 Ke6 40. Kf3 Bxc5 41. Rxg7 Kf6 42. Rb7 Bxe3 43. Kxe3 Rc3+ 44. Ke4 Rc4+ 45. Kd3 Rc6 46. h4 Ra6 47. Rb3 Kf5 48. Ke3 Rc6 49.
Kf3 Ra6 50. Rb5 Ra3+ 51. Kg2 Ra6 52. Rc5 Rb6 53. Rc3 Ra6 54. Kf3 Rb6 55. g4+ Kf6 56. Rc4 Ra6 57. Ke4 Rb6 58. f3 Ra6 59.
Kd5 Ra3 60. Rc6+ Kg7 61. Ke4 h5 62. g5 Ra4+ 63. Kxe5 Rxh4 64. f4 Rh1 65. Kf5 Ra1 66. Rc7+ Kf8 67. Kg6 h4 68. f5 h3 69.
f6 Ra8 70. Rh7 1-0

[Event "Tournoi fermé pour norme de MI de Créon 2025"]
[Site "CREON, France"]
[Date "2025.07.29"]
[Round "3.2"]
[White "Lacan-Rus, David"]
[Black "Le Hetet, Nicolas"]
[Result "1/2-1/2"]
[TimeControl "1h30/40 - 30' + [30'']"]
[WhiteElo "2369"]
[BlackElo "2288"]

1. e4 c5 2. Nf3 Nc6 3. Bb5 g6 4. c3 Bg7 5. d4 Qa5 6. Qb3 cxd4 7. O-O dxc3 8. Nxc3 Nf6 9. Nd5 Nxe4 10.
Ng5 Nd6 11. a4 h6 12. Nf3 O-O 13. Bf4 e5 14. Bd2 Qd8 15. Bb4 Nxb4 16. Qxb4 Nf5 17. Bd3 d6 18. Bxf5 Bxf5 19. Qxb7 Bd3 20.
Rfe1 e4 21. Nd2 Rb8 22. Qxa7 Re8 23. Qe3 Qa5 24. Nf4 Bxb2 25. Rad1 Qxa4 26. Nxd3 exd3 27. Qxd3 Rxe1+ 28. Rxe1 Qd4 29. Qe3 Qxe3 30. fxe3 Ba3 31. Kf2 Rb2 32. Re2 f5 33.
Nc4 Rxe2+ 34. Kxe2 Bc5 35. h3 Kf7 36. Kf3 Ke6 37. Nb2 Kd5 38. Nd3 g5 39. g4 fxg4+ 40. hxg4 Kc4 41. Ke2 Bb6 42.
Nb2+ Kb3 43. Nd1 Kc2 44. Nf2 d5 45. Nd3 Kc3 1/2-1/2

[Event "Tournoi fermé pour norme de MI de Créon 2025"]
[Site "CREON, France"]
[Date "2025.07.29"]
[Round "3.1"]
[White "Lamaze, Simon"]
[Black "Mohammad Nubairshah"]
[Result "0-1"]
[TimeControl "1h30/40 - 30' + [30'']"]
[WhiteElo "2458"]
[BlackElo "2378"]

1. e4 c6 2. d4 d5 3. Nc3 dxe4 4. Nxe4 Bf5 5. Ng3 Bg6 6. Nh3 Nf6 7. Nf4 e5 8. Nxg6 hxg6 9. Ne2 Nbd7 10.
g3 Qa5+ 11. Nc3 O-O-O 12. Bg2 exd4 13. Qxd4 Bc5 14. Qa4 Rhe8+ 15. Kf1 Qb6 16. Qc4 Bxf2 17. Bf4 Ng4 18. Nd5 Qxb2 19. Rd1 Nde5 20.
Bxe5 Nxe5 21. Qa4 cxd5 22. Kxf2 Nc4 23. Qb3 Qf6+ 24. Bf3 Re3 25. Qxe3 Nxe3 26. Kxe3 Qc3+ 0-1

[Event "Tournoi fermé pour norme de MI de Créon 2025"]
[Site "CREON, France"]
[Date "2025.07.29"]
[Round "3.3"]
[White "Jerez Perez, Alfonso"]
[Black "Malka, Samuel"]
[Result "1/2-1/2"]
[TimeControl "1h30/40 - 30' + [30'']"]
[WhiteElo "2328"]
[BlackElo "2268"]

1. e4 d6 2. d4 Nf6 3. Nc3 g6 4. Nf3 Bg7 5. Be2 O-O 6. O-O a6 7. a4 Nc6 8. d5 Nb4 9. a5 e6 10.
h3 exd5 11. Nxd5 Nc6 12. Bg5 h6 13. Nxf6+ Bxf6 14. Bxh6 Bxb2 15. Bxf8 Bxa1 16. Qxa1 Qxf8 17. Bc4 Qe7 18. Bd5 Ne5 19.
Nxe5 dxe5 20. Rd1 Rb8 21. Qc3 b6 22. Rd3 bxa5 23. Rf3 Be6 24. Qxa5 Bxd5 25. Qxd5 Kg7 26. Qa5 Rb4 27. Qd5 Rd4 28.
Qc6 a5 29. Rc3 a4 30. Qxc7 Qxc7 31. Rxc7 Rxe4 32. c4 1/2-1/2

[Event "Tournoi fermé pour norme de MI de Créon 2025"]
[Site "CREON, France"]
[Date "2025.07.29"]
[Round "3.5"]
[White "Villegas, Pierre"]
[Black "Llari, Marc"]
[Result "1/2-1/2"]
[TimeControl "1h30/40 - 30' + [30'']"]
[WhiteElo "2291"]
[BlackElo "2341"]

1. d4 Nf6 2. c4 e6 3. Nc3 Bb4 4. e3 O-O 5. Bd2 b6 6. Nf3 d5 7. cxd5 exd5 8. Rc1 Re8 9. Be2 c5 10.
a3 Bxc3 11. Bxc3 c4 12. b3 b5 13. Nd2 Nc6 14. Bf3 Qd6 15. O-O Bf5 16. Re1 Bd3 17. bxc4 bxc4 18. Nb3 Nd7 19. Nc5 Nxc5 20.
dxc5 Qxc5 21. Bxg7 Kxg7 22. Qxd3 cxd3 23. Rxc5 Ne5 24. Rd1 Rac8 25. Rxd5 Rcd8 26. Rxd8 Nxf3+ 27. gxf3 Rxd8 28. Kf1 Kg6 29.
Ke1 Kh5 1/2-1/2

[ePGN "0.1;DGT LiveChess/2.2.7"]

[Event "Tournoi fermé pour norme de MI de Créon 2025"]
[Site "CREON, France"]
[Date "2025.07.30"]
[Round "4.1"]
[White "Mohammad Nubairshah"]
[Black "Lacan-Rus, David"]
[Result "1-0"]
[TimeControl "1h30/40 - 30' + [30'']"]
[WhiteElo "2378"]
[BlackElo "2369"]

1. Nf3 Nf6 2. g3 g6 3. b3 Bg7 4. Bb2 d6 5. d4 O-O 6. Bg2 c5 7. c4 d5 8. Nbd2 Nc6 9. dxc5 Qa5 10. a3 Qxc5 11. b4 Qd6 12. O-O Rd8 13. Rc1 a6 14. cxd5 Nxd5 15. Ne4 Qc7 16. Bxg7 Kxg7 17. Qb3 Qb6 18. Rfd1 Nf6 19. Nfg5 Rf8 20. Qb2 Rd8 21. Qb3 Rf8 22. Nc5 Bg4 23. Qe3 Qa7 24. h3 Bf5 25. g4 Bc8 26. Qc3 Kg8 27. Nge4 Nxe4 28. Bxe4 Qb6 29. Rd5 Nd8 30. Qe5 Nc6 31. Qf4 Be6 32. Rh5 gxh5 33. Qh6 f5 34. Qxe6+ Kh8 35. Nd7 Qd4 36. Bxc6 bxc6 37. Nxf8 Rxf8 38. Qxe7 Rg8 39. g5 h6 40. h4 hxg5 41. Qe6 gxh4+ 42. Kh1 Qg7 43. Qxc6 Qg5 44. Rd1 Rg7 45. f4 Qg6 46. Qxg6 Rxg6 47. Rd5 Rf6 48. Kg2 Kh7 49. Kh3 Kg6 50. Kxh4 Rc6 51. Rc5 Re6 52. Re5 Rc6 53. Ra5 Rb6 54. e3 Re6 55. e4 Rxe4 56. Rxa6+ Kf7 57. Kg5 h4 58. Kxf5 Re3 59. Kg4 h3 60. Rh6 Rxa3 61. Rxh3 Ra6 62. Rh7+ Kg6 63. Rb7 1-0

[Event "Tournoi fermé pour norme de MI de Créon 2025"]
[Site "CREON, France"]
[Date "2025.07.30"]
[Round "4.3"]
[White "Le Hetet, Nicolas"]
[Black "Kocharin, Timur"]
[Result "1/2-1/2"]
[TimeControl "1h30/40 - 30' + [30'']"]
[WhiteElo "2288"]
[BlackElo "2302"]

1. e4 c5 2. Nc3 a6 3. g3 b5 4. Bg2 Bb7 5. d3 Nc6 6. Nh3 e6 7. O-O d6 8.
f4 Nf6 9. f5 e5 10. Nd5 Be7 11. c3 Nxd5 12. exd5 Nb8 13. Qh5 Nd7 14. Ng5 Bxg5 15. Bxg5 Nf6 16. Qh4 h6 17. a4 Kd7 18. Bxf6 Qxf6 19. Qxf6 gxf6 20. Kf2 1/2-1/2

[Event "Tournoi fermé pour norme de MI de Créon 2025"]
[Site "CREON, France"]
[Date "2025.07.30"]
[Round "4.2"]
[White "Jerez Perez, Alfonso"]
[Black "Lamaze, Simon"]
[Result "0-1"]
[TimeControl "1h30/40 - 30' + [30'']"]
[WhiteElo "2328"]
[BlackElo "2458"]

1. e4 c5 2. c3 Nf6 3. e5 Nd5 4. Nf3 e6 5. g3 Nc6 6. Bg2 b6 7. O-O Bb7 8. Re1 Rb8 9. d4 cxd4 10. Nxd4 Nxd4 11. Qxd4 Ne7 12. Bxb7 Rxb7 13. Bg5 Qc8 14. Bxe7 Bxe7 15. Nd2 O-O 16. Ne4 Qc6 17. Rad1 Rc8 18. Nd6 Bxd6 19. exd6 Qc4 20. Qxc4 Rxc4 21. Rd4 Rc6 22. a4 f6 23. f4 Kf7 24. Kf2 Rb8 25. c4 a6 26. Re3 Rbc8 27. b3 Rc5 28. b4 R5c6 29. Rc3 0-1

[Event "Tournoi fermé pour norme de MI de Créon 2025"]
[Site "CREON, France"]
[Date "2025.07.30"]
[Round "4.5"]
[White "Pichon, Ewen"]
[Black "Villegas, Pierre"]
[Result "1/2-1/2"]
[TimeControl "1h30/40 - 30' + [30'']"]
[WhiteElo "2311"]
[BlackElo "2291"]

1. d4 Nf6 2. c4 e6 3. Nf3 Bb4+ 4. Nbd2 b6 5. a3 Bxd2+ 6. Qxd2 Bb7 7. e3 d6 8.
b4 a5 9. Bb2 Nbd7 10. Be2 axb4 11. axb4 Rxa1+ 12. Bxa1 Ne4 13. Qc2 Ng5 14. d5 exd5 15. cxd5 Bxd5 16. Qf5 Bxf3 17. gxf3 Ne6 18. Bc4 Qe7 19. Rg1 Ne5 20. Bd5 c6 21. Bxe5 dxe5 22. Bxc6+ Kf8 23. Rg4 Qf6 24. Qd3 g6 25. Qd6+ Kg7 26. Re4 Ng5 27. Qxf6+ Kxf6 28. Rc4 Rc8 29. Ke2 Ne6 30. Kd3 Nc5+ 31. bxc5 1/2-1/2

[Event "Tournoi fermé pour norme de MI de Créon 2025"]
[Site "CREON, France"]
[Date "2025.07.30"]
[Round "4.4"]
[White "Malka, Samuel"]
[Black "Llari, Marc"]
[Result "1-0"]
[TimeControl "1h30/40 - 30' + [30'']"]
[WhiteElo "2268"]
[BlackElo "2341"]

1. d4 Nf6 2. c4 e6 3. Nf3 Bb4+ 4. Nbd2 b6 5. a3 Bxd2+ 6. Nxd2 Bb7 7. b3 d6 8.
Bb2 Nbd7 9. e3 Qe7 10.
Bd3 Bxg2 11. Rg1 Bb7 12. Rxg7 O-O-O 13. Qe2 Rhg8 14. Rg3 h5 15. O-O-O h4 16. Rgg1 c5 17. f4 Kb8 18. Kb1 h3 19. e4 cxd4 20. e5 Rxg1 21. Rxg1 dxe5 22. fxe5 Ne8 23. Rg4 f6 24. exf6 Nexf6 25. Rxd4 e5 26. Rh4 Bg2 27. Bf5 Nd5 28. Rh7 Qf6 29. Bc2 Nf4 30. Qe3 Qe6 31. Rxd7 Qxd7 32. Bxe5+ Kb7 33. Bxf4 Re8 34. Qc3 Re2 35. Bd3 Rf2 36. Bg3 Rf7 37. Kc2 Rg7 38. Qe5 Rg8 39. Be4+ Ka6 40. b4 Bxe4+ 41. Nxe4 Rd8 42. b5+ Kb7 43. Nd6+ 1-0

[ePGN "0.1;DGT LiveChess/2.2.7"]

[Event "Tournoi fermé pour norme de MI de Créon 2025"]
[Site "CREON, France"]
[Date "2025.07.31"]
[Round "5.4"]
[White "Villegas, Pierre"]
[Black "Le Hetet, Nicolas"]
[Result "1/2-1/2"]
[TimeControl "1h30/40 - 30' + [30'']"]
[WhiteElo "2291"]
[BlackElo "2288"]

1. Nf3 d5 2. e3 Nf6 3. c4 c6 4.
Nc3 e6 5. b3 Nbd7 6. Bb2 Be7 7. d4 O-O 8. Be2 b6 9. O-O Bb7 10. Qc2 c5 11. cxd5 exd5 12. Rfd1 Rc8 13. dxc5 Nxc5 14.
Bd3 Nxd3 15. Qxd3 Ne4 16. Nxe4 dxe4 17. Qxd8 Rfxd8 18. Rxd8+ Bxd8 19. Nd4 Bf6 20. Rc1 Bxd4 21. Rxc8+ 1/2-1/2

[Event "Tournoi fermé pour norme de MI de Créon 2025"]
[Site "CREON, France"]
[Date "2025.07.31"]
[Round "5.1"]
[White "Lamaze, Simon"]
[Black "Malka, Samuel"]
[Result "1-0"]
[TimeControl "1h30/40 - 30' + [30'']"]
[WhiteElo "2458"]
[BlackElo "2268"]

1. e4 e5 2. Nf3 Nc6 3. Bc4 Nf6 4. d3 Bc5 5. Bg5 Be7 6. a4 d6 7. Nc3 O-O 8. O-O h6 9. Bxf6 Bxf6 10. Nd5 g6 11. Qd2 Bg7 12. h4 Kh7 13. c3 f5 14. exf5 gxf5 15. d4 e4 16. Ne1 f4 17. Nxf4 Qxh4 18. g3 Qg5 19. Qe3 Bf5 20. Neg2 Rae8 21. Nh4 Ne7 22. Be6 Rf6 23. Nxf5 Nxf5 24. Qxe4 Kh8 25. d5 Nh4 26. Nh3 Nf3+ 27. Qxf3 Rxf3 28. Nxg5 hxg5 29. Kg2 Rf6 30. Rh1+ Bh6 31. a5 Kg7 32. a6 b6 33. Rhe1 Ref8 34. Re2 Re8 35. Rae1 Rff8 36. Bg4 Rxe2 37.
Rxe2 Rf7 38. Bh5 1-0

[Event "Tournoi fermé pour norme de MI de Créon 2025"]
[Site "CREON, France"]
[Date "2025.07.31"]
[Round "5.3"]
[White "Kocharin, Timur"]
[Black "Mohammad Nubairshah"]
[Result "1/2-1/2"]
[TimeControl "1h30/40 - 30' + [30'']"]
[WhiteElo "2302"]
[BlackElo "2378"]

1. e4 c6 2. d4 d5 3. e5 Bf5 4. h4 h5 5. Bd3 Bxd3 6. Qxd3 Qa5+ 7. Nd2 e6 8. Ngf3 Nh6 9. O-O Nf5 10.
Nb3 Qa6 11. Qc3 Qb6 12. Bg5 a5 13. Qd2 Nd7 14. c3 Be7 15. Bxe7 Nxe7 16. Nc1 Nf5 17. Ne2 Qd8 18. Qf4 Nf8 19.
g3 a4 20. Qd2 Nd7 21. Nf4 1/2-1/2

[Event "Tournoi fermé pour norme de MI de Créon 2025"]
[Site "CREON, France"]
[Date "2025.07.31"]
[Round "5.2"]
[White "Lacan-Rus, David"]
[Black "Jerez Perez, Alfonso"]
[Result "0-1"]
[TimeControl "1h30/40 - 30' + [30'']"]
[WhiteElo "2369"]
[BlackElo "2328"]

1. e4 e5 2. Nf3 Nc6 3. d4 exd4 4. Nxd4 Bc5 5. Nb3 Bb4+ 6. Bd2 a5 7. a3 Be7 8. Bc3 Bf6 9. Bb5 a4 10.
Nc1 Qe7 11. O-O Qc5 12. Bxc6 Qxc6 13. e5 Be7 14. Nd3 b6 15. e6 f6 16. Nf4 dxe6 17. Qh5+ Kf8 18. Ng6+ hxg6 19. Qxh8 Bb7 20.
Qh3 Nh6 21. Nd2 Rd8 22. Rfe1 Kf7 23. Ne4 Rd5 24. Qe3 Nf5 25. Qf3 Kg8 26. Re2 Nh4 27. Qg3 f5 28. Nd2 f4 29. Qh3 Rg5 30.
f3 Nxf3+ 31. Nxf3 Qxf3 32. Qxf3 Bxf3 33. Rd2 Bc5+ 34. Kf1 Bc6 35. Bd4 Bb5+ 36. Kf2 Rd5 37. Rad1 Rxd4 38. Rxd4 e5 0-1

[Event "Tournoi fermé pour norme de MI de Créon 2025"]
[Site "CREON, France"]
[Date "2025.07.31"]
[Round "5.5"]
[White "Llari, Marc"]
[Black "Pichon, Ewen"]
[Result "1/2-1/2"]
[TimeControl "1h30/40 - 30' + [30'']"]
[WhiteElo "2341"]
[BlackElo "2311"]

1. e4 e5 2. Nf3 Nc6 3. Bb5 a6 4. Ba4 Nge7 5. Nc3 Ng6 6. h4 Be7 7. h5 Nh4 8. Nxh4 Bxh4 9. d3 d6 10. g3 Be7 11. f4 b5 12. Bb3 Nd4 13. Be3 Nxb3 14. axb3 c6 15. Qf3 Qd7 16. f5 Bb7 17. d4 Bf6 18. O-O-O O-O-O 19. h6 exd4 20. hxg7 Rhg8 21. Bxd4 Bxd4 22. Rxd4 Rxg7 23. Rh6 Qe7 24. Qf4 f6 25. Rd3 Kc7 26. b4 Rdg8 27. Qh4 Rf7 28. Re3 Bc8 29. Re2 Bd7 30. Rh2 Qe5 31. Qf4 Qd4 32. Rxh7 Rxh7 33. Rxh7 Qg1+ 34. Nd1 Rxg3 35. Qf2 Rg4 36. Qxg1 Rxg1 37. Kd2 d5 38. exd5 Kd6 39. Rf7 cxd5 40. Rxf6+ Ke5 41. Rg6 Rh1 42. f6 Rh2+ 43. Ke1 Be6 44. Nf2 Rh4 45. f7 Bxf7 46. Rxa6 Bg8 47. Rg6 Bh7 48. Rg4 Rxg4 49. Nxg4+ Kf4 50. Nf6 Bxc2 51. Nxd5+ Ke5 52. Nc7 Kd4 53. Nxb5+ Kc4 54. Na3+ Kxb4 55. Nxc2+ Kb3 56. Kd2 Kxb2 1/2-1/2

[ePGN "0.1;DGT LiveChess/2.2.7"]

[Event "Tournoi fermé pour norme de MI de Créon 2025"]
[Site "CREON, France"]
[Date "2025.07.31"]
[Round "6.4"]
[White "Le Hetet, Nicolas"]
[Black "Llari, Marc"]
[Result "0-1"]
[TimeControl "1h30/40 - 30' + [30'']"]
[WhiteElo "2288"]
[BlackElo "2341"]

1. e4 c6 2. d4 d5 3. e5 c5 4. c4 cxd4 5. Ne2 e6 6. Nxd4 Nc6 7. Nc3 Bc5 8. Nxc6 bxc6 9. Bd3 Ne7 10.
O-O a5 11. Qg4 Ng6 12. cxd5 exd5 13. Qg3 O-O 14. Bg5 Qc7 15. Rfe1 Ba6 16. Rac1 Bxd3 17. Qxd3 Qa7 18. Re2 Bd4 19.
Rce1 Rae8 20. Qg3 Qb8 21. Bf4 Nxf4 22. Qxf4 Bxe5 23. Qa4 Bxc3 0-1

[Event "Tournoi fermé pour norme de MI de Créon 2025"]
[Site "CREON, France"]
[Date "2025.07.31"]
[Round "6.5"]
[White "Malka, Samuel"]
[Black "Pichon, Ewen"]
[Result "0-1"]
[TimeControl "1h30/40 - 30' + [30'']"]
[WhiteElo "2268"]
[BlackElo "2311"]

1. d4 Nf6 2. c4 e6 3. Nf3 d5 4. g3 Bb4+ 5. Bd2 Be7 6. Bg2 Nbd7 7. Qc2 c6 8. O-O Ne4 9. Be3 O-O 10.
Rd1 Nd6 11. b3 a5 12. Bf4 a4 13. Nbd2 f5 14. Ne5 g5 15. Nxd7 Bxd7 16. Bxd6 Bxd6 17. Nf3 Qf6 18. e3 Be8 19.
c5 Bc7 20. bxa4 f4 21. exf4 gxf4 22. g4 Qg7 23. h3 Bg6 24. Qe2 Qf6 25. g5 Qe7 26. Nh4 f3 27. Nxf3 Rxa4 28. h4 Qf7 29.
Qe3 Be4 30. Ne1 Ra3 31. Nd3 Bxd3 32. Rxd3 Rxd3 33. Qxd3 Qxf2+ 34. Kh1 Rf4 35. Bh3 Rxh4 0-1